 Dungeon Crawl Stone Soup version 0.21.1-1-g345015fe64 (webtiles) character file.

35776 3rdEnemy the Markscentaur (level 13, -6/122 HPs)
             Began as a Centaur Hunter on July 21, 2018.
             Was a High Priest of Okawaru.
             Shot with an arrow by Nessos (12 damage)
             ... on level 13 of the Dungeon.
             The game lasted 01:36:44 (21206 turns).

3rdEnemy the Markscentaur (Centaur Hunter)         Turns: 21206, Time: 01:36:45

Health: -6/122     AC: 16    Str: 24    XL:     13   Next: 49%
Magic:  18/18      EV: 11    Int: 10    God:    Okawaru [*****.]
Gold:   1472       SH:  0    Dex: 16    Spells: 12/12 levels left

rFire    + . .     SeeInvis +   a - +1 shortbow (flame)
rCold    . . .     Gourm    .   (shield currently unavailable)
rNeg     . . .     Faith    .   M - +2 robe of Vines {NoPotionHeal Regen+7}
rPois    .         Spirit   .   L - +1 hat
rElec    .         Reflect  .   m - +0 cloak
rCorr    .         Harm     .   H - +0 pair of gloves {Dex+3}
MR       .....     Clarity  +   O - +0 centaur barding of Ohubup {rF+ rC- Str+3 SInv}
Stlth    +.........             (no amulet)
HPRegen  3.10/turn              r - ring "Ydwotob" {Dex+4 Slay+2}
MPRegen  0.16/turn              u - ring of protection from cold

@: lethally poisoned (-6 -> -12), very quick
A: large, antennae 1, hooves 3, blink, clarity, deformed body, speed 2, shaggy
fur 1, tough skin 3
a: Blink, Heroism, Finesse, Renounce Religion


You were on level 13 of the Dungeon.
You worshipped Okawaru.
Okawaru was extremely pleased with you.
You were not hungry.

You visited 2 branches of the dungeon, and saw 17 of its levels.
You visited the Abyss 2 times.
You also visited: Ossuary and Volcano.

You collected 1472 gold pieces.

Inventory:

Hand Weapons
 a - a +1 shortbow of flaming (weapon)
 b - the +7 quarterstaff of Aniah {venom, Dex+2}
   (You found it on level 9 of the Dungeon)

   It poisons the flesh of those it strikes.
   It affects your dexterity (+2).
Missiles
 d - 122 arrows (quivered)
 g - 130 bolts
Armour
 m - a +0 cloak (worn)
 p - a +2 centaur barding of fire resistance
 H - a +0 pair of gloves of dexterity (worn)
 L - a +1 hat (worn)
 M - the +2 robe of Vines (worn) {NoPotionHeal Regen+7}
   (You found it on level 11 of the Dungeon)

   It increases your rate of regeneration.
 O - the +0 centaur barding of Ohubup (worn) {rF+ rC- Str+3 SInv}
   (Okawaru gifted it to you on level 12 of the Dungeon)

   It affects your strength (+3).
   It protects you from fire.
   It makes you vulnerable to cold.
   It lets you see invisible.
Jewellery
 c - the ring of Deveolloent {+Blink rF+++ rC- rN+ Str-3}
   (You acquired it on level 3 of the Lair of Beasts)

   [ring of positive energy]

   It affects your strength (-3).
   It renders you almost immune to fire.
   It makes you vulnerable to cold.
   It protects you from negative energy.
   It lets you blink.
 r - the ring "Ydwotob" (left hand) {Dex+4 Slay+2}
   (You found it on level 3 of the Abyss)

   [ring of slaying]

   It affects your dexterity (+4).
   It affects your accuracy and damage with ranged weapons and melee attacks
   (+2).
 u - a ring of protection from cold (right hand)
 N - an uncursed ring of positive energy
Wands
 i - a wand of polymorph (2)
 o - a wand of digging (26)
 q - a wand of acid (22)
 y - a wand of disintegration (12)
 z - a wand of paralysis (9)
 D - a wand of scattershot (4)
 G - a wand of random effects (22)
 K - a wand of iceblast (13)
Scrolls
 h - 5 scrolls of enchant armour
 j - a scroll of enchant weapon
 k - 5 scrolls of magic mapping
 l - 4 scrolls of identify
 s - a scroll of teleportation
 w - 3 scrolls of immolation
 x - a scroll of fog
Potions
 e - 6 potions of might
 t - 3 potions of mutation
 v - a potion of cancellation
 A - 3 potions of lignification
 B - 6 potions of curing
 C - a potion of brilliance
 F - a potion of magic {unknown}
 I - 2 potions of agility
 J - 3 potions of berserk rage
Comestibles
 f - 30 rations


   Skills:
 + Level 13.6 Fighting
 + Level 17.4 Bows
 + Level 6.1 Armour
 + Level 6.0 Dodging
 - Level 1.0 Stealth
 + Level 7.4 Invocations


You had 12 spell levels left.
You didn't know any spells.

Dungeon Overview and Level Annotations

Branches:
Dungeon (13/15)            Temple (0/1) D:7            Lair (4/6) D:9
 Shoals (0/4) Lair:4       Spider (0/4) Lair:2          Orc (0/2) D:12
 Vaults (0/5) D:13

Altars:
Ashenzari
Cheibriados
Dithmenos
Elyvilon
Fedhas
Gozag
Makhleb
Nemelex Xobeh
Okawaru
Trog
Zin
The Shining One

Shops:
D:7 [   D:9 %(

Annotations:
D:5 1 runed door
D:13 Nessos; Rupert
Lair:4 KamiKatze's ghost, journeyman MiBe; smiqu's ghost, journeyman GrFi


Innate Abilities, Weirdness & Mutations

You have hooves in place of feet.
Armour fits poorly on your strangely shaped body.
You cover ground very quickly.
You have extremely tough skin. (AC +3)
You have a pair of small antennae on your head.
You can translocate small distances at will.
You possess an exceptional clarity of mind.
You are covered in fur. (AC +1)


Message History

The crimson imp shouts!
Nessos shoots an arrow.
The arrow hits you!
* * * LOW HITPOINT WARNING * * *
The arrow burns you.
You are more poisoned.
* * * LOW HITPOINT WARNING * * *
Items here: (( ) † an arrow; 2 stones; a dagger; a kobold corpse Unknown command.
Okay, then.
* * * LOW HITPOINT WARNING * * *
You feel very sick.
Nessos blinks! x2
There is a stone staircase leading up here.
You see here 3 stones.
Unknown command.
* * * LOW HITPOINT WARNING * * *
You feel very sick.
Nessos blinks!
Nessos shoots an arrow.
The arrow hits you!
You die...

#. #.#+###
#.....# #
#.....#.##
######..... ..+
..........#..#
#.........(#§.#
#....§...@....#
#...c...)()#..#
#........(.## #
#......§....#
#.........#.#
..........#.#
##########...#..
#........#)####5.
##....).###.# ..#


You could see Nessos and a crimson imp.

Vanquished Creatures
  The ghost of imnir the Basher, a journeyman MiBe of Trog (D:12)
  The ghost of Fascinator the Cleaver, a journeyman GrFi of Qazlal (D:12)
  3 hydras
  3 two-headed ogres
  A centaur warrior (D:12)
  3 death yaks (D:9)
  Erica (Lair:1)
  A dancing weapon (Volcano)
  5 wizards (Volcano)
  A lindwurm (Lair:3)
  2 manticores
  2 ugly things
  A centaur zombie (D:12)
  4 toenail golems (Volcano)
  Maurice (D:12)
  A gargoyle (D:10)
  Joseph (D:10)
  4 spiny frogs
  5 komodo dragons
  A kobold demonologist (D:12)
  5 jumping spiders
  A hornet (D:10)
  Prince Ribbit (Lair:3)
  6 blink frogs
  4 hippogriffs
  5 redbacks
  A shadow (D:11)
  2 humans (D:13)
  A wraith (D:12)
  22 yaks
  2 basilisks
  The ghost of Bergy the Sneak, an amateur DsAs (D:4)
  Edmund (D:4)
  3 hungry ghosts
  A warg (D:12)
  An acid dragon (D:11)
  4 water moccasins
  2 porcupines (Lair:1)
  3 ice beasts
  2 black bears (D:7)
  10 orc warriors
  A necrophage (D:9)
  10 ogres
  2 sky beasts
  3 wolves (Lair:4)
  4 eyes of draining
  5 centaurs
  2 big kobolds
  6 crocodiles
  10 bullfrogs
  3 scorpions
  5 killer bees (D:11)
  2 electric eels
  A howler monkey (D:4)
  3 quasits
  8 orc priests
  5 hounds
  A bullfrog skeleton (D:12)
  A gnoll shaman (D:7)
  3 jellies
  Crazy Yiuf (D:5)
  10 orc wizards
  9 iguanas
  5 worker ants
  A hound skeleton (D:11)
  3 hound zombies
  15 mummies
  2 worker ant zombies
  Robin (D:3)
  4 gnolls (D:7)
  12 adders
  A shadow imp (D:6)
  3 oozes
  2 adder zombies
  2 worms
  2 dart slugs
  2 leopard geckos
  54 orcs
  12 bats
  4 giant cockroaches
  15 goblins
  10 hobgoblins
  12 jackals
  2 quokkas
  10 frilled lizards
  2 gnoll skeletons (Ossuary)
  2 goblin skeletons (Ossuary)
  2 jackal skeletons
  19 kobolds
  2 kobold skeletons (Ossuary)
  A leopard gecko zombie (D:6)
  2 orc skeletons (Ossuary)
  6 rats
  11 rat skeletons (Ossuary)
  A plant (Lair:2)
437 creatures vanquished.

Vanquished Creatures (others)
  A toenail golem (Volcano)
  A quokka (D:4)
  A fungus (Lair:2)
  A plant (Lair:2)
4 creatures vanquished.

Grand Total: 441 creatures vanquished

Notes
Turn   | Place    | Note
-------+----------+-------------------------------------------
     0 | D:1      | 3rdEnemy the Centaur Hunter began the quest for the Orb.
     0 | D:1      | Reached XP level 1. HP: 17/17 MP: 1/1
    92 | D:1      | Reached XP level 2. HP: 9/24 MP: 2/2
   145 | D:1      | Gained mutation: You are partially covered in icy blue scales. (AC +2) [potion of mutation]
   145 | D:1      | Gained mutation: You have a pair of small horns on your head. [potion of mutation]
   686 | D:2      | Reached skill level 1 in Stealth
   686 | D:2      | Reached XP level 3. HP: 15/30 MP: 3/3
  1044 | D:2      | Found a blossoming altar of Fedhas.
  1290 | D:2      | Reached XP level 4. HP: 35/37 MP: 4/4
  1327 | D:2      | Found a shadowy altar of Dithmenos.
  1415 | D:2      | Reached skill level 6 in Bows
  1415 | D:2      | Reached skill level 1 in Armour
  1586 | D:3      | Noticed Robin
  1597 | D:3      | Killed Robin
  1804 | D:3      | Reached XP level 5. HP: 43/45 MP: 5/5
  1884 | D:3      | Found a glowing silver altar of Zin.
  1884 | D:3      | Found a snail-covered altar of Cheibriados.
  2232 | D:4      | Found a sand-covered staircase.
  2258 | Ossuary  | Entered an ossuary
  2852 | Ossuary  | Reached XP level 6. HP: 52/52 MP: 6/6
  2898 | Ossuary  | Reached skill level 7 in Bows
  3412 | D:4      | Found a white marble altar of Elyvilon.
  3504 | D:4      | Noticed Bergy's ghost (amateur DsAs)
  3540 | D:4      | Killed Bergy's ghost
  3566 | D:4      | Found an iron altar of Okawaru.
  3598 | D:4      | Noticed Edmund
  3664 | D:4      | Reached skill level 8 in Bows
  3664 | D:4      | Reached XP level 7. HP: 44/60 MP: 7/7
  3671 | D:4      | Killed Edmund
  3671 | D:4      | Reached skill level 5 in Fighting
  3729 | D:4      | Became a worshipper of Warmaster Okawaru
  3937 | D:4      | Found a glowing golden altar of the Shining One.
  4327 | D:5      | Entered Level 5 of the Dungeon
  4472 | D:5      | Reached skill level 9 in Bows
  4693 | D:5      | Got an iridescent mace
  4696 | D:5      | Got a translucent mace
  4701 | D:5      | Identified the cursed +1 mace of the Present {flame, *Rage rF+ Int+4} (You found it on level 5 of the Dungeon)
  4711 | D:5      | Identified the cursed +0 mace of Checkmate {flame, rF+} (You found it on level 5 of the Dungeon)
  4713 | D:5      | Found a glowing silver altar of Zin.
  4713 | D:5      | Found a runed door.
  4713 | D:5      | Noticed an angel
  4829 | D:5      | Found a runed door.
  5063 | D:5      | Noticed Crazy Yiuf
  5067 | D:5      | Killed Crazy Yiuf
  5223 | D:5      | Lost mutation: You have a pair of small horns on your head. [potion of mutation]
  5223 | D:5      | Lost mutation: You are partially covered in icy blue scales. (AC +2) [potion of mutation]
  5223 | D:5      | Gained mutation: You possess an exceptional clarity of mind. [potion of mutation]
  5223 | D:5      | Gained mutation: You have a pair of small antennae on your head. [potion of mutation]
  5223 | D:5      | Gained mutation: You can translocate small distances at will. [potion of mutation]
  5223 | D:5      | Gained mutation: You are covered in fur. (AC +1) [potion of mutation]
  5666 | D:5      | Reached XP level 8. HP: 69/70 MP: 8/8
  5705 | D:6      | Found a white marble altar of Elyvilon.
  5867 | D:6      | Reached * piety under Okawaru
  6040 | D:6      | Reached skill level 10 in Bows
  6209 | D:6      | Found a shattered altar of Ashenzari.
  6562 | D:6      | Found a burning altar of Makhleb.
  6586 | D:7      | Found Zeyrghy's Armour Boutique.
  6790 | D:7      | You fall through a shaft for 3 floors!
  6790 | D:10     | Entered Level 10 of the Dungeon
  6820 | D:10     | Noticed a hornet
  7144 | D:9      | Reached skill level 11 in Bows
  7196 | D:9      | Reached ** piety under Okawaru
  7293 | D:9      | Found Goubibb's Weapon Emporium.
  7398 | D:9      | Noticed a death yak
  7482 | D:8      | Found an opulent altar of Gozag.
  7746 | D:8      | Found a blossoming altar of Fedhas.
  7767 | D:8      | Reached XP level 9. HP: 62/79 MP: 5/9
  8719 | D:8      | Reached skill level 12 in Bows
  8912 | D:8      | Noticed a two-headed ogre
  8948 | D:8      | Killed a two-headed ogre
  8948 | D:8      | Reached *** piety under Okawaru
  8948 | D:8      | Received a gift from Okawaru
  9203 | D:7      | Found a bloodstained altar of Trog.
  9261 | D:7      | Found a staircase to the Ecumenical Temple.
  9294 | D:7      | Reached **** piety under Okawaru
  9294 | D:7      | Reached skill level 13 in Bows
  9592 | D:7      | Received a gift from Okawaru
  9595 | D:7      | Found a sparkling altar of Nemelex Xobeh.
  9863 | D:9      | Found Utyust's Food Shop.
  9930 | D:9      | Noticed a death yak
  9931 | D:9      | Noticed a death yak
  9949 | D:9      | Reached skill level 10 in Fighting
  9949 | D:9      | Reached XP level 10. HP: 91/91 MP: 10/10
 10016 | D:9      | Killed a death yak
 10053 | D:9      | Found a staircase to the Lair.
 10133 | D:9      | Killed a death yak
 10133 | D:9      | Received a gift from Okawaru
 10218 | D:9      | Killed a death yak
 10218 | D:9      | Received a gift from Okawaru
 10468 | D:9      | Reached skill level 14 in Bows
 10472 | D:9      | Received a gift from Okawaru
 10531 | D:9      | Reached ***** piety under Okawaru
 11230 | D:9      | Got an ancient quarterstaff
 11231 | D:9      | Identified the +7 quarterstaff of Aniah {venom, Dex+2} (You found it on level 9 of the Dungeon)
 11328 | Lair:1   | Entered Level 1 of the Lair of Beasts
 11345 | Lair:1   | Noticed Erica
 11373 | Lair:1   | Killed Erica
 11373 | Lair:1   | Received a gift from Okawaru
 11535 | Lair:1   | Reached XP level 11. HP: 85/99 MP: 11/11
 11616 | Lair:1   | Received a gift from Okawaru
 11864 | Lair:1   | Noticed a seven-headed hydra
 11910 | Lair:1   | Killed a seven-headed hydra
 13192 | Lair:2   | Reached skill level 5 in Dodging
 13193 | Lair:2   | Reached skill level 5 in Armour
 13295 | Lair:2   | Reached skill level 15 in Bows
 14663 | Lair:2   | Received a gift from Okawaru
 14857 | Lair:2   | Found a hole to the Spider Nest.
 15449 | Lair:2   | Reached skill level 1 in Invocations
 15507 | Lair:2   | Reached XP level 12. HP: 40/112 MP: 11/13
 15563 | Lair:3   | Noticed Prince Ribbit
 15591 | Lair:3   | Killed Prince Ribbit
 15743 | Lair:3   | Noticed a six-headed hydra
 15751 | Lair:3   | Killed a six-headed hydra
 15751 | Lair:3   | Reached skill level 16 in Bows
 15792 | Lair:3   | Identified a scroll of acquirement
 15795 | Lair:3   | Got a faintly glowing platinum ring
 15796 | Lair:3   | Identified the ring of Deveolloent {+Blink rF+++ rC- rN+ Str-3} (You acquired it on level 3 of the Lair of Beasts)
 15901 | Lair:3   | Found a dark tunnel.
 15910 | Volcano  | Entered a volcano
 16350 | Volcano  | Paralysed by a wizard for 7 turns
 16445 | Volcano  | Cast into level 3 of the Abyss (a wizard)
 16480 | Abyss:3  | Got a shimmering iron ring
 16572 | Abyss:3  | Noticed a starcursed mass
 16578 | Abyss:3  | Noticed a green death
 16597 | Abyss:3  | Found a corrupted altar of Lugonu.
 16602 | Volcano  | Escaped the Abyss
 16628 | Volcano  | Cast into level 2 of the Abyss (a wizard)
 16664 | Volcano  | Escaped the Abyss
 16664 | Volcano  | Paralysed by a wizard for 7 turns
 16885 | Volcano  | Identified the ring "Ydwotob" {Dex+4 Slay+2} (You found it on level 3 of the Abyss)
 16959 | Volcano  | Reached skill level 5 in Invocations
 16983 | Volcano  | Received a gift from Okawaru
 17671 | Lair:4   | Found a staircase to the Shoals.
 17708 | Lair:4   | Noticed smiqu's ghost (journeyman GrFi)
 17754 | Lair:4   | Noticed an eight-headed hydra
 17764 | Lair:4   | Killed an eight-headed hydra
 17910 | Lair:4   | Noticed KamiKatze's ghost (journeyman MiBe)
 18484 | D:10     | Received a gift from Okawaru
 18879 | D:10     | Noticed Joseph
 18895 | D:10     | Killed Joseph
 19079 | D:10     | Reached skill level 17 in Bows
 19338 | D:11     | Reached XP level 13. HP: 122/122 MP: 17/17
 19353 | D:11     | Received a gift from Okawaru
 19581 | D:11     | Received a gift from Okawaru
 19734 | D:11     | Found the +2 robe of Vines {NoPotionHeal Regen+7}
 20112 | D:12     | Noticed Fascinator's ghost (journeyman GrFi)
 20161 | D:12     | Killed Fascinator's ghost
 20183 | D:12     | Found a staircase to the Orcish Mines.
 20336 | D:12     | Noticed imnir's ghost (journeyman MiBe)
 20417 | D:12     | Killed imnir's ghost
 20417 | D:12     | Received a gift from Okawaru
 20418 | D:12     | Got a faintly humming centaur barding {god gift}
 20429 | D:12     | Identified the +0 centaur barding of Ohubup {rF+ rC- Str+3 SInv} (Okawaru gifted it to you on level 12 of the Dungeon)
 20687 | D:12     | Noticed Maurice
 20694 | D:12     | Killed Maurice
 21060 | D:13     | Found a gate to the Vaults.
 21060 | D:13     | Noticed Rupert
 21060 | D:13     | Noticed Nessos
 21206 | D:13     | HP: 6/122 [poisoned by Nessos]
 21206 | D:13     | Shot with an arrow by Nessos

Skill      XL: |  1  2  3  4  5  6  7  8  9 10 11 12 13 |
---------------+----------------------------------------+-----
Stealth        | 1 |  1.0
Dodging        | 2 4 5 6 |  6.0
Bows           | 6 8 9 11 13 14 15 17 | 17.4
Armour         | 1 2 4 5 6 |  6.1
Fighting       | 3 4 6 8 10 12 13 | 13.6
Invocations    | 1 6 7 |  7.4

Action                   |  1- 3 |  4- 6 |  7- 9 | 10-12 | 13-15 || total
-------------------------+-------+-------+-------+-------+-------++-------
Melee: Short sword       |    72 |       |       |       |       ||    72
       Kick              |    11 |    25 |    48 |    17 |     9 ||   110
       Headbutt          |    13 |    30 |     7 |       |       ||    50
       Spear             |    60 |   221 |       |       |       ||   281
       Whip              |       |       |   248 |     3 |       ||   251
       Quarterstaff      |       |       |       |    53 |    17 ||    70
 Fire: Shortbow          |       |   133 |   260 |  1056 |   336 ||  1785
Invok: Finesse           |       |       |       |     4 |       ||     4
       Heroism           |       |       |       |     2 |       ||     2
 Abil: Blink             |       |       |       |     5 |       ||     5
  Use: Potion            |     4 |       |     9 |    10 |       ||    23
       Scroll            |       |       |    18 |    17 |     3 ||    38
  Eat: Chunk             |     1 |     3 |    15 |    16 |     4 ||    39
       Ration            |       |     1 |       |     2 |       ||     3
Armor: Leather armour    |    57 |    20 |       |       |       ||    77
       Ring mail         |       |    21 |       |       |       ||    21
       Chain mail        |       |    89 |   231 |   164 |     3 ||   487
       Robe              |       |       |       |       |    51 ||    51
Dodge: Dodged            |    69 |    63 |    85 |    65 |    50 ||   332
